 Dungeon Crawl Stone Soup version 0.31-a0-968-g24f9ace8b5 (webtiles) character file.

Game seed: 194416222017931368

12854 Maratek the Geomancer (level 11, -6/57 HPs)
             Began as a Gargoyle Earth Elementalist on Oct 27, 2023.
             Was an Elder of Vehumet.
             Killed from afar by an acid dragon (10 damage)
             ... with a splash of acid
             ... on level 12 of the Dungeon.
             The game lasted 00:32:47 (11809 turns).

Maratek the Geomancer (GrEE)                       Turns: 11809, Time: 00:32:47

Health: -6/57      AC: 15    Str: 12    XL:     11   Next: 99%
Magic:  20/34      EV: 13    Int: 23    God:    Vehumet [****..]
Gold:   304        SH:  5    Dex: 16    Spells: 21/31 levels left

rFire   + . .        z - +0 rapier of Severance {flame, Will- Int+3 Dex+6}
rCold   + . .        f - orb {*channel}
rNeg    + . .        p - +0 leather armour {Will+}
rPois   ∞            (no helmet)
rElec   +            s - scarf {rC+ rF+}
rCorr   .            D - +0 pair of gloves
SInv    .            a - +2 pair of boots
Will    +....        b - amulet of reflection
Stlth   +++          c - ring of willpower
HPRegen 0.29/turn    F - ring of magical power
MPRegen 0.24/turn

%: reflection, channel magic (20%)
@: no status effects
A: sickness immunity, AC +8, negative energy resistance 1, electricity
resistance, torment resistance 1, petrification resistance
a: Renounce Religion


You were on level 12 of the Dungeon.
You worshipped Vehumet.
Vehumet was greatly pleased with you.
You visited 2 branches of the dungeon, and saw 13 of its levels.

You collected 584 gold pieces.
You spent 280 gold pieces at shops.

Inventory:

Hand Weapons
 z - the +0 rapier of Severance (weapon) {flame, Will- Int+3 Dex+6}
   (You found it on level 7 of the Dungeon)

   Int+3:     It affects your intelligence (+3).
   Dex+6:     It affects your dexterity (+6).
   Will-:     It decreases your willpower.
Armour
 a - a +2 pair of boots (worn)
 f - an orb of energy (worn)
 p - a +0 leather armour of willpower (worn)
 s - a scarf of resistance (worn)
 D - a +0 pair of gloves (worn)
Jewellery
 b - an amulet of reflection (around neck)
 c - a ring of willpower (left hand)
 g - a +4 ring of protection
 v - a +6 ring of dexterity
 w - a ring of resist corrosion
 C - a ring of ice
 F - a ring of magical power (right hand)
Wands
 h - a wand of roots (2)
 l - a wand of paralysis (30)
 n - a wand of digging (3)
 q - a wand of flame (28)
 A - a wand of polymorph (7)
Scrolls
 j - 2 scrolls of immolation
 o - a scroll of poison
 t - 3 scrolls of vulnerability
 x - 5 scrolls of enchant weapon
 y - 6 scrolls of teleportation
 B - a scroll of summoning
Potions
 d - 3 potions of attraction {unknown}
 e - a potion of ambrosia
 i - 3 potions of brilliance
 k - 4 potions of heal wounds
 m - a potion of cancellation
 r - a potion of degeneration {unknown}
 u - 5 potions of curing {unknown}
 E - a potion of lignification {unknown}


   Skills:
 + Level 2.3 Fighting
 + Level 2.1 Short Blades
 + Level 4.1 Armour
 + Level 4.1 Dodging
 + Level 4.4 Stealth
 + Level 2.0 Shields
 + Level 10.8 Spellcasting
 + Level 7.7 Conjurations
 + Level 0.7 Transmutations
 + Level 12.8 Earth Magic
 + Level 0.3 Evocations


You had 21 spell levels left.
You knew the following spells:

 Your Spells              Type           Power      Damage    Failure   Level
a - Sandblast             Erth           100%       2d20      1%          1
b - Stone Arrow           Conj/Erth      100%       3d13      1%          3
c - Searing Ray           Conj           96%        2d7       1%          2
d - Brom's Barrelling Bo  Conj/Erth      56%        2d7       1%          4

Your spell library contained the following spells:

 Spells                   Type           Power      Damage    Failure   Level
 Sticky Flame             Conj/Fire      30%        2d5       9%          4
 Dazzling Flash           Conj/Hex       60%        N/A       3%          3
 Passwall                 Tmut/Erth      35%        N/A       4%          2
 Ignite Poison            Fire/Tmut/Pois 13%        N/A       11%         3
 Volatile Blastmotes      Fire/Tloc      24%        2d12      12%         3
 Petrify                  Tmut/Erth      43%        N/A       13%         4
 Irradiate                Conj/Tmut      16%        3d17      17%         5
 Slow                     Hex            48%        N/A       19%         1
 Arcjolt                  Conj/Air       15%        1d25      19%         5
 Wereblood                Tmut           15%        N/A       21%         2
 Ensorcelled Hibernation  Hex/Ice        24%        N/A       24%         2
 Lesser Beckoning         Tloc           24%        N/A       24%         2
 Freezing Cloud           Conj/Ice/Air   12%        6-21      28%         5
 Confusing Touch          Hex            12%        N/A       41%         3
 Gell's Gravitas          Tloc           12%        N/A       41%         3
 Sigil of Binding         Hex            12%        N/A       41%         3
 Swiftness                Air            12%        N/A       41%         3
 Teleport Other           Tloc           12%        N/A       41%         3
 Tukima's Dance           Hex            12%        N/A       41%         3
 Vampiric Draining        Necr           12%        2d6       41%         3
 Yara's Violent Unravell  Hex/Tmut       7%         3d5       52%         5
 Starburst                Conj/Fire      15%        6d6       58%         6
 Passage of Golubria      Tloc           12%        N/A       75%         4
 Vhi's Electric Charge    Tloc/Air       24%        N/A       75%         4
 Maxwell's Capacitive Co  Air            6%         ∞         100%        8
 Cigotuvi's Dreadful Rot  Necr/Pois/Air  Unusable   N/A       N/A         2

Dungeon Overview and Level Annotations

Branches:
Dungeon (12/15)            Temple (1/1) D:4            Lair (0/5) D:9
    Orc (0/2) D:9

Altars:
Ashenzari
Cheibriados
Dithmenos
Elyvilon
Fedhas
Gozag
Hepliaklqana
Kikubaaqudgha
Makhleb
Nemelex Xobeh
Okawaru
Qazlal
Ru
Uskayaw
Vehumet
Wu Jian
Xom
Zin
The Shining One

Shops:
D:6 =   D:7 *   D:12 ?

Annotations:
D:2 1 runed translucent door, Crazy Yiuf
D:6 Jeremiah
D:8 3 runed translucent doors, Azuregosa's ghost, novice GnCK


Innate Abilities, Weirdness & Mutations

You are immune to sickness and miasma.
Your stone body is resilient. (AC +8)
You are immune to poison.
You resist negative energy. (rN+)
You are resistant to electric shocks. (rElec)
You are resistant to unholy torment.
You are immune to petrification.


Message History

The stone arrow hits the boulder beetle but does no damage.
The boulder beetle is moderately wounded.
Magical energy flows into your mind! The boulder beetle bites you!
The acid dragon spits acid at you. The splash of acid hits you!
You are too injured to fight recklessly!
You are too injured to fight recklessly!
You are too injured to fight recklessly!
You are too injured to fight recklessly!
Aiming: Stone Arrow (safe; 1% risk of failure)
Press: ? - help, Q - select action, (/) - cycle Shift-Dir - straight line, f/p - boulder beetle
Aim: a boulder beetle (moderately wounded, 100% to hit)
The stone arrow hits the boulder beetle!
The boulder beetle is heavily wounded.
The boulder beetle barely misses you. You block the acid dragon's attack.
The acid dragon claws you but does no damage.
Aiming: Stone Arrow (safe; 1% risk of failure)
Press: ? - help, Q - select action, (/) - cycle Shift-Dir - straight line, f/p - boulder beetle
Aim: a boulder beetle (heavily wounded, 100% to hit)
The stone arrow hits the boulder beetle!!
The boulder beetle is severely wounded.
The boulder beetle leaps!
The acid dragon misses you. The acid dragon barely misses you.
Aiming: Stone Arrow (safe; 1% risk of failure)
Press: ? - help, Q - select action, (/) - cycle Shift-Dir - straight line, f - acid dragon, p - boulder beetle
Aim: an acid dragon (78% to hit)
The stone arrow misses the acid dragon.
The boulder beetle leaps!
The acid dragon spits acid at you. The splash of acid hits you!
* * * LOW HITPOINT WARNING * * *
Aiming: Stone Arrow (safe; 1% risk of failure)
Press: ? - help, Q - select action, (/) - cycle Shift-Dir - straight line, f/p - acid dragon
Aim: an acid dragon (78% to hit)
The stone arrow hits the acid dragon!
The acid dragon is moderately wounded.
Magical energy flows into your mind! The acid dragon spits acid at you.
The splash of acid hits you!
You die...

************####################*
,,,,,,,,,,,,...................,.
,,,,,,,,,,,**#.........#.....###.
,,,,,,,,*.,* #.......[.#.........
,***,,,,*..###...#.....#.........
,,,,,,,,,........................
*****,,,,........................
,,,,*****#......@................
,,,,* #.....D######'#####.....
,,,,* #......#..........#.####
,,,,* #......#..........#.# #
,,,,* #....#.#..........#.####
******** #......#..####.##.#.....
,,,,,,,##########..####.######...
,,,,,,,#.....................#...
,,,*,,,#...........>.........#...


You could see an acid dragon (catching breath).

Vanquished Creatures
  2 two-headed ogres
  A deep elf pyromancer (D:9)
  An elephant (D:9)
  Maggie (D:7)
  2 kobold demonologists (D:11)
  A troll (D:11)
  A wraith (D:10)
  2 wyverns
  21 yaks
  A steam dragon (D:8)
  Eustachio (D:6)
  A basilisk (D:9)
  8 vampire mosquitoes
  2 acid dragons
  Duvessa (D:6)
  3 ice beasts
  A sky beast (D:6)
  3 ogres (D:5)
  5 orc warriors
  3 black bears
  8 centaurs
  5 bullfrogs
  5 kobold brigands
  A gnoll sergeant (D:7)
  2 scorpions
  11 wights
  Dowan (D:6)
  6 killer bees (D:8)
  A howler monkey (D:6)
  2 lava snakes (D:7)
  7 orc priests
  3 hounds
  A jelly (D:5)
  A sleepcap (D:6)
  A gnoll bouda (D:5)
  2 iguanas
  10 orc wizards
  16 gnolls
  3 adders
  3 white imps
  2 ufetubi (D:7)
  2 worms (D:2)
  4 dart slugs
  38 orcs
  3 ball pythons
  6 bats
  6 endoplasms
  9 giant cockroaches
  5 goblins
  6 hobgoblins
  4 jackals (D:1)
  2 quokkas
  4 frilled lizards
  31 kobolds
  6 rats
278 creatures vanquished.

Vanquished Creatures (others)
  An orc wizard (D:10)
  2 boulders (D:11)
3 creatures vanquished.

Grand Total: 281 creatures vanquished

Notes
Turn   | Place    | Note
-------+----------+-------------------------------------------
     0 | D:1      | Maratek the Gargoyle Earth Elementalist began the quest for
                  | the Orb.
     0 | D:1      | Reached XP level 1. HP: 10/10 MP: 3/3
   140 | D:1      | Reached skill level 4 in Earth Magic
   197 | D:1      | Reached XP level 2. HP: 15/15 MP: 1/5
   823 | D:1      | Reached XP level 3. HP: 19/19 MP: 4/6
  1090 | D:2      | Found a sacrificial altar of Ru.
  1507 | D:2      | Found a runed translucent door.
  1508 | D:2      | Noticed Crazy Yiuf
  1697 | D:2      | Reached skill level 5 in Earth Magic
  1697 | D:2      | Reached XP level 4. HP: 24/24 MP: 6/8
  2792 | D:4      | HP: 1/24 [orc/+0 mace (1)]
  2916 | D:4      | Reached XP level 5. HP: 28/28 MP: 7/9
  2990 | D:4      | Found a staircase to the Ecumenical Temple.
  3014 | D:4      | Noticed a black bear
  3019 | D:4      | Killed a black bear
  3020 | D:4      | Reached skill level 6 in Earth Magic
  3025 | Temple   | Entered the Ecumenical Temple
  3056 | Temple   | Became a worshipper of Vehumet
  3200 | D:4      | Reached XP level 6. HP: 32/32 MP: 7/11
  3326 | D:4      | Noticed an orc warrior
  3329 | D:4      | HP: 1/32 [orc/+0 falchion (6)]
  3455 | D:5      | Entered Level 5 of the Dungeon
  3518 | D:5      | Noticed a black bear
  3529 | D:5      | Killed a black bear
  3530 | D:5      | Reached skill level 7 in Earth Magic
  3530 | D:5      | Reached XP level 7. HP: 26/37 MP: 3/13
  3575 | D:5      | Learned a level 3 spell: Stone Arrow
  3951 | D:5      | Reached skill level 5 in Spellcasting
  4290 | D:6      | Noticed Eustachio
  4303 | D:6      | Killed Eustachio
  4304 | D:6      | Reached skill level 8 in Earth Magic
  4304 | D:6      | Reached XP level 8. HP: 42/42 MP: 14/17
  4395 | D:6      | Noticed Dowan
  4397 | D:6      | Noticed Duvessa
  4443 | D:6      | Reached * piety under Vehumet
  4443 | D:6      | Offered knowledge of Foxfire by Vehumet.
  4493 | D:6      | Killed Dowan
  4528 | D:6      | Killed Duvessa
  4685 | D:6      | Reached skill level 9 in Earth Magic
  4750 | D:6      | Noticed Jeremiah
  4946 | D:6      | Found Sacs's Jewellery Shop.
  5119 | D:7      | Found Domy's Mail-Order Catalogue.
  5131 | D:6      | Reached XP level 9. HP: 33/46 MP: 3/20
  5235 | D:7      | Reached skill level 1 in Fighting
  5235 | D:7      | Reached skill level 1 in Conjurations
  5470 | D:7      | Noticed Maggie
  5474 | D:7      | Killed Maggie
  5475 | D:7      | Reached skill level 1 in Armour
  5477 | D:7      | Reached skill level 10 in Earth Magic
  5868 | D:7      | Identified the +0 rapier of Severance {flame, Will- Int+3
                  | Dex+6}
  6329 | D:8      | Noticed a two-headed ogre
  6331 | D:8      | Noticed a manticore
  6359 | D:8      | Noticed Azuregosa's ghost (novice GnCK)
  6366 | D:8      | Found a runed translucent gate.
  6366 | D:8      | Found a runed translucent gate.
  6366 | D:8      | Found a runed translucent gate.
  6457 | D:8      | Offered knowledge of Searing Ray by Vehumet.
  6476 | D:8      | Reached ** piety under Vehumet
  6652 | D:8      | Reached XP level 10. HP: 48/52 MP: 7/22
  6773 | D:8      | Reached skill level 11 in Earth Magic
  7040 | D:8      | Learned a level 2 spell: Searing Ray
  7837 | D:9      | Found a staircase to the Orcish Mines.
  7862 | D:9      | Offered knowledge of Poisonous Vapours by Vehumet.
  7864 | D:9      | Reached skill level 5 in Conjurations
  8031 | D:9      | Reached *** piety under Vehumet
  8189 | D:9      | Noticed a deep elf pyromancer
  8194 | D:9      | Killed a deep elf pyromancer
  8324 | D:9      | Found a staircase to the Lair.
  8324 | D:9      | Noticed an elephant
  8353 | D:9      | Killed an elephant
  8666 | D:9      | Reached skill level 1 in Short Blades
  8672 | D:9      | Reached XP level 11. HP: 41/57 MP: 15/24
  9009 | D:10     | Entered Level 10 of the Dungeon
  9021 | D:10     | Reached skill level 12 in Earth Magic
  9033 | D:10     | Learned a level 4 spell: Brom's Barrelling Boulder
  9313 | D:10     | Offered knowledge of Sticky Flame by Vehumet.
  9717 | D:10     | Noticed a two-headed ogre
  9721 | D:10     | Killed a two-headed ogre
  9722 | D:10     | Reached skill level 10 in Spellcasting
 10327 | D:11     | Reached skill level 1 in Shields
 10879 | D:11     | Reached **** piety under Vehumet
 11027 | D:11     | Noticed a two-headed ogre
 11032 | D:11     | Killed a two-headed ogre
 11192 | D:12     | Found Jiomm's Magic Scroll Emporium.
 11575 | D:6      | Bought a ring of magical power for 280 gold pieces
 11797 | D:12     | Noticed a boulder beetle
 11809 | D:12     | Killed from afar by an acid dragon

Illustrated notes

Levels and vault maps discovered:
D:1:      dpeg_arrival_rhombus, layout_loops_ring, corner_web_ring,
          minivault_25, corexii_leaking_fountain
D:2:      layout_basic, basic_altar, uniq_crazy_yiuf_cottage
D:3:      layout_basic
D:4:      layout_cave_pools, minmay_overflow_temple_star_quad,
          minmay_temple_entry_water_ring, guppyfry_early_orc_mine
D:5:      layout_rooms, minmay_misc_feat_pillars, minivault_25
D:6:      lemuel_slime, layout_layer_cave, serial_shops, kennysheep_mini,
          nicolae_shop_advertising_works [nicolae_subvault_shop_adworks],
          uniq_duvessa, uniq_jeremiah, uniq_eustachio
D:7:      layout_rooms, grunt_ministairs_1, nicolae_kite_square_tiling_tiny,
          monkooky_shop_mail_order, uniq_maggie
D:8:      layout_cave_pods, gammafunk_ghost_split, minmay_misc_feat_tiny,
          st_stairs_13, amethyst_killhole
D:9:      layout_roguey, david_lair_generic, david_orc_2, minmay_librarian
D:10:     layout_basic
D:11:     layout_long_grid
D:12:     layout_stronghold, serial_shops, shop, kennysheep_mini_moat,
          uniq_nessos, uniq_lodul
Temple:   nicolae_temple_bog_church

Skill      XL: |  1  2  3  4  5  6  7  8  9 10 11 |
---------------+----------------------------------+-----
Earth Magic    | 4 5 6 7 8 9 10 11 12 | 12.8
Spellcasting   | 3 4 6 7 8 9 10 | 10.8
Dodging        | 2 3 4 |  4.1
Stealth        | 3 4 |  4.4
Fighting       | 1 2 |  2.3
Conjurations   | 3 6 7 |  7.7
Armour         | 2 3 4 |  4.1
Short Blades   | 1 2 |  2.1
Shields        | 2 |  2.0
Transmutations | |  0.7
Evocations     | |  0.3

Action                     |  1- 3 |  4- 6 |  7- 9 | 10-12 || total
---------------------------+-------+-------+-------+-------++-------
  Melee: Unarmed           |    17 |     1 |       |       ||    18
         Rapier            |       |       |     3 |   118 ||   121
         Staff             |       |       |     1 |       ||     1
   Cast: Sandblast         |    62 |    70 |    71 |       ||   203
         Stone Arrow       |       |       |    81 |   214 ||   295
         Searing Ray       |       |       |       |     5 ||     5
         Brom's Barrelling |       |       |       |     7 ||     7
  Evoke: Wand              |       |     1 |     4 |       ||     5
    Use: Scroll            |     3 |     4 |    10 |     3 ||    20
         Potion            |       |       |       |     2 ||     2
 Armour: Robe              |    33 |    47 |    33 |       ||   113
         Leather armour    |       |       |    77 |   217 ||   294
  Dodge: Dodged            |    57 |    27 |    77 |   207 ||   368
  Block: Orb               |       |       |       |    44 ||    44
         Reflection        |       |       |       |     2 ||     2

Table legend: (Time is in decaauts)
 A = Elapsed time spent in this place.
 B = Non-inter-level travel time spent in this place.
 C = Inter-level travel time spent in this place.
 D = Time resting spent in this place.
 E = Time spent auto-exploring this place.
 F = Levels seen in this place.
 G = Mean time per level.
                   A        B        C        D        E       F      G
               +--------+--------+--------+--------+--------+-----+--------+
         Total |  11935 |  11110 |    825 |   1425 |   7723 |  13 |  918.1 |
       Dungeon |  11887 |  11107 |    780 |   1425 |   7723 |  12 |  990.6 |
        Temple |     47 |      2 |     45 |      0 |      0 |   1 |   47.0 |
               +--------+--------+--------+--------+--------+-----+--------+

Top non-repeatable levels by time:
     D:8: 1627 daAuts
     D:9: 1302 daAuts
    D:10: 1204 daAuts
     D:2: 1179 daAuts
    D:11: 1088 daAuts
     D:1: 1066 daAuts
     D:7: 998 daAuts
     D:6: 995 daAuts
     D:5: 953 daAuts
     D:3: 640 daAuts
     D:4: 580 daAuts
    D:12: 251 daAuts
  Temple: 47 daAuts
